 Dungeon Crawl Stone Soup version 0.28-a0-1613-gdaab1c2f9b (webtiles) character file.

Game seed: 11367953235282882859

1537 funkygono the Firebug (level 8, -3/42 HPs)
             Began as a Gargoyle Fire Elementalist on Jan 21, 2022.
             Was an Initiate of Vehumet.
             Slain by a yak (14 damage)
             ... on level 5 of the Dungeon.
             The game lasted 00:10:24 (5188 turns).

funkygono the Firebug (Gargoyle Fire Elementalist)  Turns: 5188, Time: 00:10:24

Health: -3/42      AC:  9    Str: 12    XL:     8   Next: 86%
Magic:  1/18       EV: 11    Int: 18    God:    Vehumet [......]
Gold:   134        SH:  0    Dex: 10    Spells: 10/20 levels left

rFire   . . .      SeeInvis .   i - +2 whip
rCold   . . .      Faith    .   (no shield)
rNeg    + . .      Spirit   .   g - +1 leather armour
rPois   ∞          Reflect  .   (no helmet)
rElec   +          Harm     .   (no cloak)
rCorr   .          Rampage  .   (no gloves)
Will    .....                   (no boots)
Stlth   ++........              (no amulet)
HPRegen 0.14/turn               (no ring)
MPRegen 0.16/turn               (no ring)

@: no status effects
A: sickness immunity, AC +5, negative energy resistance 1, electricity
resistance, torment resistance 1, petrification resistance
a: Renounce Religion


You were on level 5 of the Dungeon.
You worshipped Vehumet.
Vehumet was noncommittal.
You visited 2 branches of the dungeon, and saw 6 of its levels.

You collected 134 gold pieces.

Inventory:

Hand Weapons
 b - a +2 vampiric dagger
 i - a +2 whip (weapon)
Missiles
 e - 121 stones
Armour
 a - a +0 robe
 g - a +1 leather armour (worn)
 j - a +0 ring mail
Magical Staves
 h - a staff of conjuration
Jewellery
 k - a +6 ring of intelligence
 n - a ring of willpower
Scrolls
 c - 3 scrolls of identify
 l - 2 scrolls of summoning
 p - a scroll of enchant armour
 q - a scroll of torment {unknown}
Potions
 d - a potion of heal wounds
 f - 3 potions of curing
 m - a potion of mutation
 o - a potion of attraction


   Skills:
 + Level 0.8 Fighting
 + Level 0.4 Maces & Flails
 + Level 2.1 Armour
 + Level 1.7 Dodging
 - Level 2.1 Stealth
 * Level 6.6 Spellcasting
 * Level 4.4 Conjurations
 * Level 7.2 Fire Magic


You had 10 spell levels left.
You knew the following spells:

 Your Spells              Type           Power      Damage    Failure   Level
a - Foxfire               Conj/Fire      100%       2x1d9     1%          1
b - Scorch                Fire           64%        2d8       1%          2
c - Conjure Flame         Conj/Fire      26%        6-21      4%          3
d - Flame Wave            Conj/Fire      26%        2d7       13%         4

Your spell library contained the following spells:

 Spells                   Type           Power      Damage    Failure   Level
 Inner Flame              Hex/Fire       18%        N/A       10%         3


Dungeon Overview and Level Annotations

Branches:
Dungeon (5/15)             Temple (1/1) D:4

Altars:
Dithmenos
Elyvilon
Fedhas
Gozag
Hepliaklqana
Makhleb
Nemelex Xobeh
Okawaru
Qazlal
Sif Muna
Trog
Uskayaw
Vehumet
Wu Jian
Yredelemnul
Zin
The Shining One

Shops:
D:4 :

Annotations:
D:4 2 runed translucent doors


Innate Abilities, Weirdness & Mutations

You are immune to sickness and miasma.
Your stone body is resilient. (AC +5)
You are immune to poison.
You resist negative energy. (rN+)
You are resistant to electric shocks. (rElec)
You are resistant to unholy torment.
You are immune to petrification.


Message History

The foxfire hits the yak!
The yak is moderately wounded.
The foxfire hits the yak.
The yak is moderately wounded.
The yak barely misses you.
Okay, then.
Found 15 gold pieces.
You now have 134 gold pieces (gained 15).
Okay, then.
Casting: Foxfire (safe; 1% risk of failure)
Confirm with . or Enter, or press ? or * to list all spells.
Flames lash the yak.
The yak is severely wounded.
The yak's fire resistance burns away.
You hear a bellow!
Unknown command.
You closely miss the yak.
The yak is moderately wounded.
Casting: Scorch (safe; 1% risk of failure)
Confirm with . or Enter, or press ? or * to list all spells.
Flames lash the yak.
The yak is heavily wounded.
The yak's fire resistance burns away.
The yak completely misses you.
Unknown command.
Casting: Scorch (safe; 1% risk of failure)
Confirm with . or Enter, or press ? or * to list all spells.
Flames lash the yak.
The yak is burned terribly!
The yak is severely wounded.
The yak gores you but does no damage.
Unknown command.
Casting: Scorch (safe; 1% risk of failure)
Confirm with . or Enter, or press ? or * to list all spells.
Flames lash the yak.
The yak is burned terribly!
You kill the yak!
Vehumet accepts your kill.
Unknown command.
You hit the yak.
The yak is severely wounded.
The yak gores you!
You die...

Y. #.....# #Y# #.....#
##..###.....# ...Y##.....#
#.##..##.....######.#
#....<.Y?...$....?...
############..####### ###
#?###......... ## ### ##
#@####.###.####### ## .###[# #)
##Y###.###.#
.##.##.##.###.##.##.##.##.#
.#.#.#.#.#.#.#.#.#.#.#.##.#
..#..#..#..#..#YY#..#...#Y#
...#...#...#...#...#...##.#
.#....#....#....#....#..#.#
..#.....#..†..#.....#...#.##.####
....#......#......#..............


You could see a yak (combustible).

Vanquished Creatures
  Grinder (D:3)
  Sigmund (D:3)
  3 yaks (D:5)
  An ogre (D:4)
  A phantom (D:4)
  A bullfrog (D:5)
  A scorpion (D:5)
  A jelly (D:4)
  2 hounds
  A centaur skeleton (D:5)
  An orc priest (D:4)
  A bullfrog skeleton (D:5)
  A gnoll shaman (D:4)
  An orc wizard (D:4)
  2 hound skeletons (D:5)
  7 gnolls
  A howler monkey skeleton (D:5)
  6 adders
  An adder skeleton (D:4)
  A worm (D:4)
  3 dart slugs
  16 orcs
  2 bats (D:2)
  6 endoplasms
  3 giant cockroaches
  8 goblins
  7 hobgoblins
  4 jackals (D:3)
  5 quokkas
  9 ball pythons
  A frilled lizard (D:3)
  3 kobolds
  5 rats
107 creatures vanquished.

Vanquished Creatures (others)
  352 foxfires
352 creatures vanquished.

Grand Total: 459 creatures vanquished

Notes
Turn   | Place    | Note
-------+----------+-------------------------------------------
     0 | D:1      | funkygono the Gargoyle Fire Elementalist began the quest
                  | for the Orb.
     0 | D:1      | Reached XP level 1. HP: 10/10 MP: 3/3
   153 | D:1      | Reached XP level 2. HP: 15/15 MP: 3/5
   156 | D:1      | Learned a level 2 spell: Scorch
   708 | D:1      | Reached XP level 3. HP: 19/19 MP: 4/6
   712 | D:1      | Learned a level 3 spell: Conjure Flame
  1385 | D:2      | Reached skill level 4 in Fire Magic
  1385 | D:2      | Reached XP level 4. HP: 24/24 MP: 0/8
  1974 | D:3      | Reached XP level 5. HP: 22/28 MP: 3/9
  2191 | D:3      | Found a white marble altar of Elyvilon.
  2291 | D:3      | Noticed Sigmund
  2313 | D:3      | Killed Sigmund
  2314 | D:3      | Reached skill level 1 in Armour
  2314 | D:3      | Reached XP level 6. HP: 32/32 MP: 0/12
  2451 | D:3      | Learned a level 4 spell: Flame Wave
  2595 | D:3      | Found a faded altar of an unknown god.
  2675 | D:3      | Noticed Grinder
  2688 | D:3      | Killed Grinder
  2689 | D:3      | Reached skill level 5 in Fire Magic
  2689 | D:3      | Reached XP level 7. HP: 21/37 MP: 0/14
  3067 | D:4      | Reached skill level 5 in Spellcasting
  3366 | D:4      | Found a large runed translucent door.
  3420 | D:4      | Found a large runed translucent door.
  3922 | D:4      | Found a staircase to the Ecumenical Temple.
  4062 | Temple   | Entered the Ecumenical Temple
  4114 | Temple   | Became a worshipper of Vehumet
  4318 | D:4      | Found Ynat's Self-Improvement Boutique.
  4325 | D:4      | Reached skill level 6 in Fire Magic
  4325 | D:4      | Reached XP level 8. HP: 42/42 MP: 8/16
  4710 | D:5      | Entered Level 5 of the Dungeon
  4722 | D:5      | Noticed a yak
  4724 | D:5      | Noticed a yak
  4725 | D:5      | Noticed a yak
  4727 | D:5      | Noticed a yak
  4729 | D:5      | Killed a yak
  4729 | D:5      | Noticed a yak
  5156 | D:5      | Killed a yak
  5157 | D:5      | Reached skill level 7 in Fire Magic
  5187 | D:5      | Killed a yak
  5188 | D:5      | Slain by a yak

Illustrated notes

Levels and vault maps discovered:
D:1:      psy_arrival_terrarium, layout_basic
D:2:      minmay_angry_zag, layout_basic, minmay_misc_feat_room
D:3:      layout_loops_cross, lemuel_coloured_pillars_altar,
          ebering_ecumenical_altar_hall, uniq_sigmund, uniq_grinder
D:4:      layout_loops_ring, jmf_multi_god_temple2, minmay_temple_entry_hall,
          nicolae_shop_self_help
D:5:      layout_basic, st_stairs_3, supply_closet_lemuel, minivault_23,
          minmay_increasing_density
Temple:   eino_temple_rhombus

Skill      XL: |  1  2  3  4  5  6  7  8 |
---------------+-------------------------+-----
Fire Magic     | 4 5 6 7 |  7.2
Spellcasting   | 3 4 5 6 |  6.6
Conjurations   | 2 3 4 |  4.4
Armour         | 1 2 |  2.1
Fighting       | |  0.8
Maces & Flails | |  0.4
Dodging        | |  1.7
Stealth        | |  2.1

Action                   |  1- 3 |  4- 6 |  7- 9 || total
-------------------------+-------+-------+-------++-------
Melee: Dagger            |     1 |       |       ||     1
       Whip              |     1 |     5 |    19 ||    25
       Punch             |       |     1 |       ||     1
 Cast: Foxfire           |    52 |    48 |   103 ||   203
       Scorch            |     5 |    11 |    30 ||    46
  Use: Scroll            |     4 |     2 |     6 ||    12
       Potion            |       |     2 |       ||     2
Armor: Robe              |     1 |       |       ||     1
       Leather armour    |       |     6 |    25 ||    31
Dodge: Dodged            |     4 |     4 |    34 ||    42

Table legend: (Time is in decaauts)
 A = Elapsed time spent in this place.
 B = Non-inter-level travel time spent in this place.
 C = Inter-level travel time spent in this place.
 D = Time resting spent in this place.
 E = Time spent auto-exploring this place.
 F = Levels seen in this place.
 G = Mean time per level.
                   A        B        C        D        E       F      G
               +--------+--------+--------+--------+--------+-----+--------+
         Total |   5190 |   5119 |     71 |    382 |   3807 |   6 |  865.0 |
       Dungeon |   5037 |   4982 |     55 |    382 |   3690 |   5 | 1007.4 |
        Temple |    152 |    136 |     16 |      0 |    117 |   1 |  152.0 |
               +--------+--------+--------+--------+--------+-----+--------+

Top non-repeatable levels by time:
     D:4: 1625 daAuts
     D:3: 1298 daAuts
     D:2: 890 daAuts
     D:1: 821 daAuts
     D:5: 402 daAuts
  Temple: 152 daAuts
